 Dungeon Crawl Stone Soup version 0.14.1-26-g5a19342 (webtiles) character file.

15347 Kae the Conjurer (level 12, 0/75 HPs)
             Began as a Tengu Fire Elementalist on July 24, 2014.
             Was a High Priest of Vehumet.
             Slain by a wyvern (15 damage)
             ... on Level 2 of the Lair of Beasts.
             The game lasted 00:32:27 (17318 turns).

Kae the Conjurer (Tengu Fire Elementalist)         Turns: 17318, Time: 00:32:27

HP   0/75        AC  6     Str 12      XL: 12   Next: 19%
MP  18/30        EV 20     Int 21      God: Vehumet [*****.]
Gold 619         SH  0     Dex 16      Spells:  7 memorised,  7 levels left

rFire  . . .     SeeInvis +     w - +2 halberd (chop)
rCold  . . .     Clarity  .     a - +1 robe
rNeg   + . .     Conserve .     (no shield)
rPois  .         rCorr    .     (helmet restricted)
rElec  .         rRot     .     (no cloak)
SustAb . .       Spirit   .     d - +2 pair of gloves "Ziang" {Str+3 Dex+2 Acc+4}
rMut   .         Warding  .     (boots unavailable)
Saprov . . .     Stasis   .     (no amulet)
MR     .....                    G - ring of see invisible
                                E - cursed ring of positive energy

@: flying, very slightly contaminated, quick, not resistant to hostile
enchantments, fairly stealthy
A: able to fly, beak, talons 3
a: Renounce Religion


You were on level 2 of the Lair of Beasts.
You worshipped Vehumet.
Vehumet was extremely pleased with you.
You were hungry.

You visited 3 branches of the dungeon, and saw 13 of its levels.
You also visited: Sewer.

You collected 658 gold pieces.
You spent 39 gold pieces at shops.

Inventory:

Hand weapons
 w - a +2,+2 halberd of chopping (weapon)
Armour
 a - a +1 robe (worn)
 d - the cursed +2 pair of gloves "Ziang" (worn) {Str+3 Dex+2 Acc+4}
   (You found it on level 9 of the Dungeon)

   It affects your strength (+3).
   It affects your dexterity (+2).
   It affects your accuracy with ranged weapons and melee attacks (+4).
   It has a curse placed upon it.
 g - a +2 pair of gloves
Magical devices
 v - a wand of digging (19)
 H - a wand of polymorph (1)
 I - a wand of digging (11)
 L - a wand of fireball (2)
 N - a wand of disintegration (17)
Comestibles
 c - 11 bread rations
 h - a honeycomb
 s - a chunk of wolf flesh
 B - 2 chokos
 C - 3 meat rations
 D - 2 beef jerkies
 F - 9 cheeses
Scrolls
 m - a scroll of teleportation
 n - a scroll of fear
 q - a scroll of remove curse
 r - 2 scrolls of enchant weapon I
 x - a scroll of enchant weapon II
 J - 2 scrolls of identify
 R - a scroll of enchant armour
Jewellery
 i - an uncursed ring of teleportation
 E - a cursed ring of positive energy (left hand)
 G - a ring of see invisible (right hand)
 O - a cursed -3 ring of dexterity {unknown}
Potions
 f - 3 potions of curing
 j - a potion of beneficial mutation {unknown}
 k - 4 potions of magic {unknown}
 o - 2 potions of brilliance {unknown}
 p - 2 potions of poison {unknown}
 t - a potion of restore abilities {unknown}
 u - a potion of resistance {unknown}
 z - a potion of berserk rage {unknown}
 A - a potion of agility {unknown}
 K - 2 potions of might
 M - a potion of confusion {unknown}
 P - a potion of flight {unknown}
Books
 b - a book of Flames

   Spells                             Type                      Level
   *Flame Tongue                      Conjuration/Fire             1
   *Throw Flame                       Conjuration/Fire             2
   *Conjure Flame                     Conjuration/Fire             3
   Inner Flame                        Hexes/Fire                   3
   *Sticky Flame                      Conjuration/Fire             4
   *Fireball                          Conjuration/Fire             5
 e - a book of Cantrips

   Spells                             Type                      Level
   Confusing Touch                    Hexes                        1
   Animate Skeleton                   Necromancy                   1
   Summon Small Mammal                Summoning                    1
   Apportation                        Translocation                1
 l - a book of Annihilations {highlevel}

   Spells                             Type                      Level
   Poison Arrow                       Conjuration/Poison           6
   Chain Lightning                    Conjuration/Air              8
   Lehudib's Crystal Spear            Conjuration/Earth            8
   Glaciate                           Conjuration/Ice              9
   Fire Storm                         Conjuration/Fire             9
 S - a book of Enchantments

   Spells                             Type                      Level
   Cause Fear                         Hexes                        4
   Silence                            Hexes/Air                    5
   Tukima's Dance                     Hexes                        5
   Deflect Missiles                   Charms/Air                   6
   Haste                              Charms                       6
   Discord                            Hexes                        8


   Skills:
 * Level 8.9 Fighting
 + Level 7.4 Dodging
 - Level 2.0 Stealth
 + Level 8.6 Spellcasting
 - Level 12.0 Conjurations
 - Level 10.8 Fire Magic


You had 7 spell levels left.
You knew the following spells:

 Your Spells              Type           Power        Failure   Level  Hunger
a - Flame Tongue          Conj/Fire      #####        1%          1    None
b - Throw Flame           Conj/Fire      ######       1%          2    None
c - Conjure Flame         Conj/Fire      ######..     1%          3    None
d - Sticky Flame          Conj/Fire      ######..     1%          4    ###....
e - Magic Dart            Conj           ####         1%          1    None
f - Fireball              Conj/Fire      ######....   1%          5    ####...
g - Lightning Bolt        Conj/Air       ####......   5%          5    ####...


Dungeon Overview and Level Annotations

Branches:
Dungeon (10/15)            Temple (1/1) D:5            Lair (2/8) D:9
    Orc: D:9-12

Altars:
Cheibriados
Dithmenos
Okawaru
Trog
Vehumet
Xom
Yredelemnul
The Shining One

Shops:
D:5 *

Annotations:
D:2 Sigmund
D:3 Grinder
D:10 Gastronok
Lair:2 exclusion: fire drake


Innate Abilities, Weirdness & Mutations

You can fly.
You have a beak for a mouth.
You have claws for feet.


Message History

The fire bat closely misses you.
Evoke which item? (* to show all) (? for menu, Esc to quit)
Zapping:
H - a wand of polymorph {zapped: 7}
Press: ? - help, Shift-Dir - straight line, f/p - fire bat
Aim: a fire bat (flame)
The fire bat evaporates and reforms as a wyvern!
The wyvern is engulfed in roaring flames.
Casting: Lightning Bolt
Confirm with . or Enter, or press ? or * to list all spells.
Aiming: Sticky Flame
Press: ? - help, Shift-Dir - straight line, f/p - wyvern
Aim: a wyvern (flame, moderately wounded)
The sticky flame hits the wyvern.
The wyvern is moderately wounded.
The wyvern is covered in liquid flames!
The wyvern burns!
The wyvern is engulfed in roaring flames.
The wyvern barely misses you.
The wyvern is engulfed in roaring flames.
The wyvern bites you!
You die...

#........##r.#.....###.#
##....f(######.......#..
#.......## ###...##.....
#.##.##..###...#........
#....r....#f.#.%......
#...#r##..##.#%##.....
...###ยง##..#f%.........
.. #D###.#..#.##.P.f#
#@P##......#....##
#..###)#...#...f###
##........P##......
#####P#...#...##.#
###...%..##### ##.#.#.#
#######


You could see a wyvern (burning) and 2 green rats.

Vanquished Creatures
  3 hill giants
  Maurice (D:9)
  3 spiny frogs (Lair:1)
  A feature mimic (D:10)
  5 komodo dragons (Lair:1)
  A troll (D:10)
  Sonja (D:10)
  2 basilisks
  2 wyverns
  6 hippogriffs
  13 yaks
  A human (D:7)
  A deep elf mage (D:10)
  A shark (Lair:1)
  3 wolves (Lair:2)
  A hungry ghost (D:7)
  4 porcupines
  5 water moccasins
  2 sky beasts (D:10)
  An orc warrior (D:10)
  A black bear (D:6)
  A phantom (D:7)
  12 ogres
  6 centaurs
  4 giant slugs
  8 giant frogs
  2 scorpions (D:9)
  3 wights (D:8)
  A troll skeleton (D:10)
  5 electric eels (Lair:1)
  3 crimson imps
  A centaur zombie (D:6)
  2 goliath beetles
  7 hounds
  2 quasits
  A jelly (D:6)
  6 orc priests
  A big fish (Sewer)
  Natasha (twice) (D:3)
  2 iguanas
  6 orc wizards
  9 worker ants
  3 sheep (D:7)
  A big kobold zombie (D:10)
  Jessica (D:3)
  A crocodile skeleton (D:9)
  A hound zombie (D:6)
  A mummy (D:9)
  3 gnolls (D:7)
  11 adders
  36 green rats
  6 worms
  4 giant mites
  2 goliath beetle zombies
  2 shadow imps
  An adder skeleton (D:5)
  2 giant eyeballs
  8 giant geckos
  An ooze (D:4)
  15 orcs
  17 bats
  3 giant cockroaches
  16 hobgoblins
  4 jackals (D:9)
  8 kobolds
  6 ball pythons
  8 giant newts
  10 goblins
  A goblin skeleton (D:4)
  A kobold zombie (D:5)
  3 orc skeletons
  7 quokkas
  25 rats
  2 ballistomycetes (D:6)
  A butterfly (D:5)
353 creatures vanquished.

Vanquished Creatures (collateral kills)
  A shark (Lair:1)
  2 giant goldfish (Lair:1)
3 creatures vanquished.

Vanquished Creatures (others)
  A water moccasin (Lair:1)
  A quokka (Lair:1)
  A giant cockroach (D:6)
  A giant spore (D:6)
  A fungus (Lair:1)
5 creatures vanquished.

Grand Total: 361 creatures vanquished

Notes
Turn   | Place    | Note
--------------------------------------------------------------
     0 | D:1      | Kae, the Tengu Fire Elementalist, began the quest for the Orb.
     0 | D:1      | Reached XP level 1. HP: 10/10 MP: 3/3
   353 | D:1      | Reached XP level 2. HP: 15/15 MP: 1/5
   888 | D:2      | Noticed Sigmund
  1038 | D:2      | Reached XP level 3. HP: 19/19 MP: 2/7
  1093 | D:2      | Reached skill level 4 in Fire Magic
  1398 | D:2      | Found a snail-covered altar of Cheibriados.
  1401 | D:2      | Found a shimmering altar of Xom.
  1410 | D:2      | Found a bloodstained altar of Trog.
  1674 | D:2      | Reached XP level 4. HP: 24/24 MP: 5/9
  2183 | D:3      | Noticed Jessica
  2187 | D:3      | Killed Jessica
  2247 | D:3      | Noticed Grinder
  2302 | D:3      | Noticed Natasha
  2307 | D:3      | Learned a level 2 spell: Throw Flame
  2311 | D:3      | Learned a level 3 spell: Conjure Flame
  2315 | D:3      | Killed Natasha
  2315 | D:3      | Reached XP level 5. HP: 28/28 MP: 8/11
  2403 | D:3      | Noticed Natasha
  2409 | D:3      | Killed Natasha
  3023 | D:4      | Reached skill level 5 in Fire Magic
  3087 | D:4      | Noticed an ogre
  3382 | D:4      | Killed an ogre
  3382 | D:4      | Reached skill level 5 in Conjurations
  3382 | D:4      | Reached XP level 6. HP: 32/32 MP: 5/14
  3938 | D:5      | Entered Level 5 of the Dungeon
  3938 | D:5      | Found Inuacwen's General Store.
  3945 | D:5      | Reached skill level 6 in Fire Magic
  3945 | D:5      | Reached XP level 7. HP: 36/36 MP: 6/17
  4057 | D:5      | Bought a potion of heal wounds for 39 gold pieces
  4236 | D:5      | Found a staircase to the Ecumenical Temple.
  4280 | Temple   | Entered the Ecumenical Temple
  4303 | Temple   | Became a worshipper of Vehumet
  4837 | D:5      | Reached skill level 7 in Conjurations
  5253 | D:5      | Reached XP level 8. HP: 11/41 MP: 11/20
  5496 | D:6      | Reached skill level 8 in Conjurations
  5594 | D:6      | Acquired Vehumet's first power
  5594 | D:6      | Offered knowledge of Magic Dart by Vehumet.
  5605 | D:6      | Learned a level 1 spell: Magic Dart
  5624 | D:6      | Learned a level 4 spell: Sticky Flame
  5655 | D:6      | Found a glowing drain.
  5670 | Sewer    | Entered a sewer
  6406 | D:6      | Paralysed by a giant eyeball for 3 turns
  6500 | D:6      | Noticed a hill giant
  6505 | D:6      | HP: 2/41 [hill giant/giant club (1)]
  6506 | D:6      | Killed a hill giant
  6506 | D:6      | Reached skill level 9 in Conjurations
  6506 | D:6      | Reached XP level 9. HP: 2/45 MP: 11/22
  6845 | D:6      | Reached skill level 5 in Spellcasting
  6948 | D:6      | Offered knowledge of Searing Ray by Vehumet.
  7892 | D:7      | Reached skill level 10 in Conjurations
  8965 | D:7      | Reached skill level 10 in Fire Magic
  9072 | D:7      | Reached skill level 11 in Conjurations
  9184 | D:8      | Reached XP level 10. HP: 41/50 MP: 21/24
  9399 | D:8      | Offered knowledge of Stone Arrow by Vehumet.
  9612 | D:8      | Acquired Vehumet's second power
  9686 | D:8      | Learned a level 5 spell: Fireball
 10060 | D:8      | Offered knowledge of Static Discharge by Vehumet.
 10237 | D:9      | Noticed Maurice
 10244 | D:9      | Killed Maurice
 10244 | D:9      | Reached skill level 12 in Conjurations
 10478 | D:9      | Reached skill level 1 in Fighting
 10490 | D:9      | Paralysed by a giant eyeball for 4 turns
 10507 | D:9      | Found an iron altar of Okawaru.
 10545 | D:9      | Acquired Vehumet's third power
 10556 | D:9      | Got a pair of polished gloves
 10560 | D:9      | Identified the cursed +2 pair of gloves "Ziang" {Str+3 Dex+2 Acc+4} (You found it on level 9 of the Dungeon)
 10595 | D:9      | Found a staircase to the Lair.
 10640 | D:9      | Found an iron altar of Okawaru.
 10727 | D:10     | Entered Level 10 of the Dungeon
 10756 | D:10     | Noticed Gastronok
 10944 | D:10     | Offered knowledge of Fulminant Prism by Vehumet.
 11290 | D:10     | Noticed a hill giant
 11305 | D:10     | Killed a hill giant
 11305 | D:10     | Reached XP level 11. HP: 25/62 MP: 16/27
 11466 | D:10     | Noticed Sonja
 11471 | D:10     | Noticed a hill giant
 11486 | D:10     | Reached skill level 5 in Fighting
 11486 | D:10     | Killed Sonja
 11654 | D:10     | Found Nauva's Magic Scroll Shoppe.
 11660 | D:10     | Nauva's Magic Scroll Shoppe was a mimic.
 11865 | D:10     | Killed a hill giant
 11865 | D:10     | Reached skill level 5 in Dodging
 12578 | Lair:1   | Entered Level 1 of the Lair of Beasts
 12688 | Lair:1   | Offered knowledge of Lightning Bolt by Vehumet.
 12979 | Lair:1   | Learned a level 5 spell: Lightning Bolt
 16108 | Lair:1   | You fall through a shaft!
 16326 | Lair:2   | Reached XP level 12. HP: 32/74 MP: 26/29
 17198 | Lair:2   | Offered knowledge of Iron Shot by Vehumet.
 17318 | Lair:2   | Slain by a wyvern

Action                   |  1- 3 |  4- 6 |  7- 9 | 10-12 || total
-------------------------+-------+-------+-------+-------++-------
Melee: Unarmed           |    42 |    11 |       |       ||    53
       Trident           |       |    23 |     9 |       ||    32
       Falchion          |       |       |   139 |     7 ||   146
       Halberd           |       |       |       |    78 ||    78
 Cast: Flame Tongue      |    38 |    82 |   199 |   377 ||   696
       Conjure Flame     |       |     2 |     6 |    19 ||    27
       Throw Flame       |       |       |    37 |   159 ||   196
       Magic Dart        |       |       |    14 |     5 ||    19
       Sticky Flame      |       |       |     3 |    25 ||    28
       Fireball          |       |       |       |     3 ||     3
       Lightning Bolt    |       |       |       |     2 ||     2
 Abil: Fly               |       |       |       |     2 ||     2
Evoke: Wand              |       |       |       |    14 ||    14
  Use: Scroll            |       |     3 |    10 |     8 ||    21
       Potion            |       |       |     1 |     4 ||     5
 Stab: Sleeping          |     1 |     1 |     8 |     1 ||    11
       Distracted        |       |       |       |     1 ||     1
